 Dungeon Crawl Stone Soup version 0.23-a0-417-gf02c810 (webtiles) character file.

30 James the Chopper (level 3, 0/29 HPs)
             Began as a Formicid Abyssal Knight on Nov 10, 2018.
             Was a Follower of Lugonu.
             Killed from afar by Natasha (3 damage)
             ... with a wand of flame (19)
             ... on level 2 of the Dungeon.
             The game lasted 00:03:09 (1219 turns).

James the Chopper (Formicid Abyssal Knight)         Turns: 1219, Time: 00:03:10

Health: 0/29       AC:  3    Str: 17    XL:     3   Next: 37%
Magic:  4/4        EV: 11    Int: 11    God:    Lugonu [*.....]
Gold:   126        SH:  0    Dex:  6    Spells: 2/2 levels left

rFire    . . .     SeeInvis +   a - +1 hand axe
rCold    . . .     Gourm    .   (no shield)
rNeg     . . .     Faith    .   b - +0 leather armour
rPois    .         Spirit   .   (helmet unavailable)
rElec    .         Reflect  .   (no cloak)
rCorr    .         Harm     .   (no gloves)
MR       .....                  (no boots)
Stlth    +.........             (no amulet)
HPRegen  0.00/turn              (no ring)
MPRegen  0.09/turn              (no ring)

@: no status effects
A: permanent stasis, dig shafts and tunnels, four strong arms, antennae 3,
[clumsy 2], [inhibited regeneration], [no potion heal 2]
a: Dig, Shaft Self, Depart the Abyss, Renounce Religion


You were on level 2 of the Dungeon.
You worshipped Lugonu.
Lugonu was aware of your devotion.
You were not hungry.

You visited 1 branch of the dungeon, and saw 2 of its levels.
You visited the Abyss 1 time.

You collected 126 gold pieces.

Inventory:

Hand Weapons
 a - a +1 hand axe (weapon)
 f - a +1 hunting sling of velocity
Armour
 b - a +0 leather armour (worn)
Scrolls
 d - a scroll of enchant armour {unknown}
 i - 3 scrolls of identify {unknown}
 j - 2 scrolls of teleportation {unknown}
 m - 2 scrolls of magic mapping {unknown}
 n - a scroll of remove curse {unknown}
 q - a scroll of immolation {unknown}
Potions
 e - a potion of magic {unknown}
 g - a potion of brilliance {unknown}
 h - a potion of invisibility {unknown}
 l - a potion of mutation {unknown}
 o - 2 potions of curing {unknown}
 p - a potion of ambrosia {unknown}
Comestibles
 c - 4 rations
 k - a chunk of flesh


   Skills:
 - Level 3.2 Fighting
 + Level 3.5 Axes
 - Level 2.1 Armour
 - Level 0.8 Dodging
 - Level 2.1 Invocations


You had 2 spell levels left.
You didn't know any spells.
Your spell library was empty.

Dungeon Overview and Level Annotations

Branches:
Dungeon (2/15)

Altars:
Ashenzari

Annotations:
D:1 exclusion: downstairs
D:2 Natasha


Innate Abilities, Weirdness & Mutations

You cannot be hasted, slowed, berserked, paralysed or teleported.
You can dig through walls and to a lower floor.
Your four strong arms can wield two-handed weapons with a shield.
You have a pair of large antennae on your head. (SInv)
[You are very clumsy. (Dex -4)]
[You do not regenerate when monsters are visible.]
[Potions are poor at restoring your health.]


Message History

You closely miss Natasha.
Natasha is moderately wounded.
Natasha zaps a wand.
The puff of flame hits you!
You are too injured to fight recklessly!
You are too injured to fight recklessly!
You are too injured to fight recklessly!
You are too injured to fight recklessly!
You hit Natasha.
Natasha is heavily wounded.
Natasha barely misses you.
You hit Natasha.
Natasha is heavily wounded.
Natasha barely misses you.
Natasha stares at you and mumbles some strange words.
The magic dart hits you!
* * * LOW HITPOINT WARNING * * *
You hit Natasha.
Natasha is almost dead.
Natasha zaps a wand.
The puff of flame hits you!
You die...

#...#_'...#
#...####..#
#......#..#
#......#..#
#......#..## {
###....#...##
#..#......#
#......#.######
###....@h......
#....##.######
###...#รท.....#
#
#..........##..
##..####......
##...##...##
###.......##..
###........
#....###.


You could see Natasha.

Vanquished Creatures
  An adder (D:2)
  A dart slug (D:1)
  A giant cockroach (D:2)
  6 goblins
  3 hobgoblins (D:1)
  3 kobolds
  A bat (D:1)
  A frilled lizard (D:1)
  3 rats
20 creatures vanquished.

Notes
Turn   | Place    | Note
-------+----------+-------------------------------------------
     0 | Abyss:1  | James the Formicid Abyssal Knight began the quest for the
                  | Orb.
     0 | Abyss:1  | Reached XP level 1. HP: 18/18 MP: 2/2
    34 | Abyss:1  | Noticed an ancient zyme
    83 | Abyss:2  | Noticed a wretched star
    87 | Abyss:2  | Noticed a raiju
    87 | Abyss:2  | Noticed a raiju
    88 | Abyss:2  | Noticed a raiju
    88 | D:1      | Escaped the Abyss
   371 | D:1      | Reached XP level 2. HP: 24/24 MP: 3/3
   893 | D:2      | Noticed Natasha
   999 | D:2      | Reached XP level 3. HP: 19/29 MP: 4/4
   999 | D:2      | Reached * piety under Lugonu
  1203 | D:2      | Found a shattered altar of Ashenzari.
  1219 | D:2      | Killed from afar by Natasha

Vault maps used:
D:1:      saegor_arrival_miasma, serial_forest, infiniplex_forest_end_1,
          infiniplex_forest_lined_room_2, infiniplex_forest_clump_curved,
          infiniplex_forest_clump_cross, infiniplex_forest_end_double,
          infiniplex_forest_clump_cross, infiniplex_forest_straight_2,
          infiniplex_forest_corner_2, kennysheep_minor_cross,
          minmay_tetromino_s2
D:2:      cheibrodos_old_hovel, ashenzari_conservatory_becter,
          old_standard_altar, first_ration, minmay_liquid_box, uniq_natasha
Abyss:1:  hangedman_abyss_theft

Skill      XL: |  1  2 |
---------------+-------+-----
Axes           | 3 |  3.5
Fighting       | |  3.2
Armour         | |  2.1
Dodging        | |  0.8
Invocations    | |  2.1

Action                   || total
-------------------------++-------
Melee: Hand axe          ||    61
Invok: Depart the Abyss  ||     1
  Eat: Chunk             ||     1
Armor: Leather armour    ||    12
Dodge: Dodged            ||    39

Table legend:
 A = Non-vault XP
 B = Vault XP
 C = Vault XP percentage of total XP
 D = Non-vault monster count
 E = Vault monster count
 F = Vault count percentage of total count
                 A         B        C        D         E       F
            +---------+---------+-------+---------+---------+-------
      Total |      42 |       2 |   4.5 |      19 |       1 |   5.0
            +---------+---------+-------+---------+---------+-------
        D:1 |      21 |       2 |   8.7 |      12 |       1 |   7.7
        D:2 |      21 |       0 |   0.0 |       7 |       0 |   0.0
            +---------+---------+-------+---------+---------+-------
